 Dungeon Sprint DCSS version 0.30.1-11-g7821555f0a (webtiles) character file.

Game seed: 3041653600626604554

13831 Groucho the Eclecticist (level 11, -11/47 HPs)
             Began as a Spriggan Enchanter on Nov 28, 2023.
             Was the Champion of Dithmenos.
             Killed from afar by a golden dragon (21 damage)
             ... with a bolt of fire
             ... in the Dungeon (Sprint I: "Red Sonja").
             The game lasted 00:14:34 (3808 turns).

Groucho the Eclecticist (Spriggan Enchanter)        Turns: 3808, Time: 00:14:35

Health: -11/47     AC:  2    Str:  4      XL:     11   Next: 80%
Magic:  23/32      EV: 24    Int: 19 (21) God:    Dithmenos [******]
Gold:   1455       SH:  0    Dex: 12      Spells: 31/42 levels left

rFire   + . .        a - +1 dagger
rCold   x . .        (no shield)
rNeg    . . .        b - +0 robe
rPois   +            (helmet restricted)
rElec   .            (no cloak)
rCorr   .            (gloves unavailable)
SInv    +            (boots unavailable)
Will    +....        (no amulet) Stlth *+++++++++
                     k - ring of protection from fire
HPRegen 0.27/turn    l - ring of poison resistance
MPRegen 0.23/turn

%: no teleportation, random rage (3%)
@: wreathed by umbra, unable to drink, very quick
A: very small, no large weapons, unfitting armour, see invisible, speed 3,
berserk 1, clumsy 2, deterioration 1, screaming 1, cold vulnerability 1,
inability to drink after injury 1
a: Renounce Religion, Shadow Step, Shadow Form


You were in the Dungeon.
You worshipped Dithmenos.
Dithmenos was exalted by your worship.
You visited 1 branch You collected 1996 gold pieces.
You spent 541 gold pieces at shops.

Inventory:

Hand Weapons
 a - a +1 dagger (weapon)
 n - a +1 dagger of distortion
Armour
 b - a +0 robe (worn)
 p - the +2 robe "Esahick" {rF+++ Regen+ Dex-5}
   (You bought it in a shop in the Dungeon)

   Dex:       It affects your dexterity (-5).
   rF:        It renders you almost immune to fire.
   Regen:     It increases your rate of health regeneration.
Jewellery
 k - a ring of protection from fire (left hand)
 l - a ring of poison resistance (right hand)
 s - a ring of ice
Wands
 m - a wand of flame (17)
Scrolls
 c - a scroll of fear {unknown}
 o - 4 scrolls of identify {unknown}
 q - a scroll of poison {unknown}
 r - a scroll of immolation {unknown}
Potions
 d - 3 potions of curing
 e - a potion of heal wounds
 f - a potion of brilliance {unknown}
 g - 2 potions of magic
 h - a potion of berserk rage
 i - a potion of flight {unknown}
 j - a potion of degeneration {unknown}


   Skills:
 + Level 12.3 Short Blades
 + Level 14.4 Dodging
 - Level 15.0 Stealth
 + Level 16.1 Spellcasting
 * Level 12.2 Conjurations
 + Level 16.0 Hexes


You had 31 spell levels left.
You knew the following spells:

 Your Spells              Type           Power      Damage    Failure   Level
a - Ensorcelled Hibernat  Hex/Ice        90%        N/A       1%          2
b - Confusing Touch       Hex            66%        N/A       0%          3
c - Dazzling Flash        Conj/Hex       100%       N/A       1%          3
d - Tukima's Dance        Hex            66%        N/A       0%          3

Your spell library contained the following spells:

 Spells                   Type           Power      Damage    Failure   Level


Dungeon Overview and Level Annotations

Branches:
Dungeon (1/1)

Altars:
Cheibriados
Dithmenos
Elyvilon
Fedhas
Gozag
Hepliaklqana
Kikubaaqudgha
Makhleb
Nemelex Xobeh
Okawaru
Qazlal
Ru
Sif Muna
Trog
Uskayaw
Vehumet
Wu Jian
Xom
Yredelemnul
Zin
The Shining One
Jiyva
Lugonu

Shops:
D :[[:**([(!=[[=(=*==[!


Innate Abilities, Weirdness & Mutations

You are very small and have problems with some larger weapons.
You are too small for most types of armour.
You have supernaturally acute eyesight. (SInv)
You cover ground extremely quickly. (Speed+++)
You sometimes lose your temper in combat.
You are very clumsy. (Dex -4)
Your body sometimes deteriorates upon taking damage.
You occasionally shout uncontrollably at your foes.
You are vulnerable to cold. (rC-)
You occasionally lose the ability to drink potions when taking damage.


Message History

You open the door.
A shadow dragon and a golden dragon come into view.
Found a runed glaive and a twisted smoking staff.
Aiming: Shadow Step
Press: ? - help, Dir - move target, f - shadow dragon
Aim: a shadow dragon (asleep, umbra)
You step into the shadow dragon's shadow.
Found 523 gold pieces, a potion of curing, a short sword and a whip.
The helpless shadow dragon fails to defend itself.
You spit the shadow dragon like a pig!!!!
The shadow dragon is severely wounded.
Your shadow closely misses the shadow dragon.
Casting: Ensorcelled Hibernation (safe; 1% risk of failure)
Confirm with . or Enter, or press ? or * to list all spells.
Casting: Dazzling Flash (safe; 1% risk of failure)
Press: ? - help, Dir - look around, f - activate Unknown command.
Unknown command.
Unknown command.
Unknown command.
Casting: Dazzling Flash (safe; 1% risk of failure)
Confirm with . or Enter, or press ? or * to list all spells.
Casting: Dazzling Flash (safe; 1% risk of failure)
Press: ? - help, Dir - look around, f - activate The shadow dragon barely misses you. x2; The shadow dragon misses you.
The golden dragon bites you!!
Ouch! That really hurt!
Your body deteriorates!
You feel dopey.
You emit a cloud of dark smoke.
The golden dragon claws you!
You feel threatened and lose the ability to drink potions!
* * * LOW HITPOINT WARNING * * *
Your body deteriorates!
You feel dopey.
You emit a cloud of dark smoke.
The golden dragon misses you.
Unknown command.
Unknown command.
You cannot drink potions in your current state!
Unknown command.
The golden dragon breathes fire at you. The bolt of fire hits you!! You resist.
You die...

§§.§§##..'.§#.§..##
#..§#######+#§§§§§#
###+# #§§§§§# #y#
##§§§§# ### ###+##
§§# #.####+# §§#
##'#§§§§## +##
##.§.§§§.§#
#..@§§§..§§#
##..§§§§....#
#§.§§§D§§§§§
#.§§§§D§§§...
##...§§.....#
#$$$$$§$$$$#
##$$$$$$$$##
##$$$!))## ########


You could see a golden dragon (catching breath).

Vanquished Creatures
  A lorocyproca (D)
  A hydra (D)
  2 centaur warriors (D)
  Sonja (D)
  A deep troll (D)
  A lindwurm (D)
  An oklob plant (D)
  8 shining eyes (D)
  3 demonic crawlers (D)
  A gargoyle (D)
  2 kobold demonologists (D)
  2 unseen horrors (D)
  A hornet (D)
  A slime creature (D)
  Sigmund (D)
  13 hogs (D)
  A yak (D)
  2 redbacks (D)
  7 floating eyes (D)
  An ogre (D)
  7 necrophages (D)
  8 jellies (D)
  Ijyb (D)
  A ballistomycete spore (D)
68 creatures vanquished.

Vanquished Creatures (others)
  A ballistomycete spore (D)
1 creature vanquished.

Grand Total: 69 creatures vanquished

Notes
Turn   | Place    | Note
-------+----------+-------------------------------------------
     0 | D        | Groucho the Spriggan Enchanter began the quest for the Orb.
     0 | D        | Reached XP level 1. HP: 9/9 MP: 5/5
     4 | D        | Noticed Ijyb
     7 | D        | Killed Ijyb
     8 | D        | Reached skill level 5 in Hexes
     8 | D        | Reached XP level 2. HP: 13/13 MP: 6/8
    11 | D        | Learned a level 2 spell: Ensorcelled Hibernation
    13 | D        | Noticed an ogre
    15 | D        | Killed an ogre
    16 | D        | Reached XP level 3. HP: 16/16 MP: 6/11
    16 | D        | Reached XP level 4. HP: 21/21 MP: 7/13
    20 | D        | Learned a level 3 spell: Confusing Touch
    24 | D        | Learned a level 3 spell: Dazzling Flash
    28 | D        | Learned a level 3 spell: Tukima's Dance
    30 | D        | Noticed Sigmund
    32 | D        | Killed Sigmund
    33 | D        | Reached XP level 5. HP: 24/24 MP: 9/16
    33 | D        | Reached XP level 6. HP: 28/28 MP: 9/17
    58 | D        | Found a shimmering blue altar of Sif Muna.
    59 | D        | Found an ornate altar of the Wu Jian Council.
    60 | D        | Found a radiant altar of Vehumet.
    67 | D        | Found Neriel's Book Emporium.
    67 | D        | Found an ancient bone altar of Kikubaaqudgha.
    67 | D        | Found a hazy altar of Hepliaklqana.
    67 | D        | Found a stormy altar of Qazlal.
    67 | D        | Found a hide-covered altar of Uskayaw.
    67 | D        | Found a blossoming altar of Fedhas.
    67 | D        | Found a bloodstained altar of Trog.
    67 | D        | Found an iron altar of Okawaru.
    67 | D        | Found a basalt altar of Yredelemnul.
    67 | D        | Found a glowing golden altar of the Shining One.
    67 | D        | Found a snail-covered altar of Cheibriados.
    67 | D        | Found a sacrificial altar of Ru.
    67 | D        | Found a glowing silver altar of Zin.
    67 | D        | Found a shadowy altar of Dithmenos.
    67 | D        | Found a white marble altar of Elyvilon.
    67 | D        | Noticed a yak
    68 | D        | Found an opulent altar of Gozag.
    69 | D        | Killed a yak
    70 | D        | Reached skill level 15 in Stealth
    70 | D        | Reached skill level 10 in Spellcasting
    70 | D        | Found a sparkling altar of Nemelex Xobeh.
    76 | D        | Became a worshipper of Dithmenos the Shadowed
   132 | D        | Found a viscous altar of Jiyva.
   132 | D        | Found a corrupted altar of Lugonu.
   132 | D        | Noticed a slime creature
   133 | D        | Found a burning altar of Makhleb.
   133 | D        | Found a shimmering altar of Xom.
   135 | D        | Killed a slime creature
   136 | D        | Reached skill level 10 in Hexes
   136 | D        | Reached XP level 7. HP: 32/32 MP: 22/22
   156 | D        | Noticed a centaur warrior
   158 | D        | Noticed a centaur warrior
   159 | D        | Killed a centaur warrior
   160 | D        | Reached XP level 8. HP: 36/36 MP: 24/24
   161 | D        | Killed a centaur warrior
   161 | D        | Reached * piety under Dithmenos
   163 | D        | Noticed a hornet
   166 | D        | Killed a hornet
   167 | D        | Reached XP level 9. HP: 39/39 MP: 24/26
   167 | D        | Noticed an oklob plant
   169 | D        | Killed an oklob plant
   175 | D        | Reached ** piety under Dithmenos
   189 | D        | Noticed an unseen horror
   190 | D        | Noticed an unseen horror
   196 | D        | Killed an unseen horror
   196 | D        | Reached *** piety under Dithmenos
   198 | D        | Killed an unseen horror
   205 | D        | Reached **** piety under Dithmenos
   245 | D        | Reached ***** piety under Dithmenos
   246 | D        | Reached skill level 10 in Dodging
   350 | D        | Reached XP level 10. HP: 33/44 MP: 19/28
   350 | D        | Identified the +0 pair of gloves of Ethics {Rampage rN+}
   363 | D        | Found Jyorchis's Armour Shoppe.
   363 | D        | Found Tueck's Antique Weapon Shop.
   363 | D        | Found Wakimm's Antique Weapon Boutique.
   365 | D        | Found Hacvoo's Distillery.
   365 | D        | Found Tomuaren's Jewellery Shop.
   365 | D        | Found Magis's Armour Shoppe.
   365 | D        | Found Luthag's Armour Boutique.
   365 | D        | Found Sucue's Jewellery Emporium.
   365 | D        | Found Cebyz's Weapon Shop.
   365 | D        | Found Kybaar's Jewellery Shoppe.
   369 | D        | Found Xeogy's General Store.
   370 | D        | Found Dosolate's Jewellery Emporium.
   370 | D        | Found Feff's Jewellery Boutique.
   371 | D        | Found Julodghei's Distillery.
   390 | D        | Bought a ring of protection from fire for 250 gold pieces
   392 | D        | Bought a ring of poison resistance for 200 gold pieces
   432 | D        | Noticed a deep troll
   434 | D        | Killed a deep troll
   440 | D        | Found Vip Haip's Armour Emporium.
   454 | D        | Noticed Sonja
   457 | D        | Killed Sonja
   514 | D        | Found Wuiwen's Book Boutique.
   527 | D        | Noticed a shining eye
   527 | D        | Noticed a shining eye
   527 | D        | Noticed a shining eye
   527 | D        | Noticed a shining eye
   527 | D        | Noticed a shining eye
   527 | D        | Noticed a shining eye
   527 | D        | Gained mutation: You are robust. (+10% HP) [a shining eye]
   539 | D        | Gained mutation: Your spells are a little harder to cast,
                  | but a little more powerful. [a shining eye]
   541 | D        | Lost mutation: Your spells are a little harder to cast, but
                  | a little more powerful. [a shining eye]
   548 | D        | Gained mutation: You have hidden genetic defects. [a
                  | shining eye]
   554 | D        | Paralysed by a floating eye for 2 turns
   565 | D        | Reached ****** piety under Dithmenos
   577 | D        | Gained mutation: Your body sometimes deteriorates upon
                  | taking damage. [a shining eye]
   579 | D        | Killed a shining eye
   580 | D        | Gained mutation: You occasionally shout uncontrollably at
                  | your foes. [a shining eye]
   587 | D        | Killed a shining eye
   595 | D        | Gained mutation: You occasionally lose the ability to drink
                  | potions when taking damage. [a shining eye]
   597 | D        | Gained mutation: You have terrible hidden genetic defects.
                  | [a shining eye]
   599 | D        | Gained mutation: You are clumsy. (Dex -2) [a shining eye]
   601 | D        | Killed a shining eye
   603 | D        | Noticed a shining eye
   603 | D        | Noticed a shining eye
   608 | D        | Killed a shining eye
   609 | D        | Reached skill level 10 in Short Blades
   609 | D        | Reached skill level 10 in Conjurations
   611 | D        | Killed a shining eye
   614 | D        | Killed a shining eye
   618 | D        | Killed a shining eye
   618 | D        | Gained mutation: You are vulnerable to cold. (rC-) [hidden
                  | defects]
   619 | D        | Reached XP level 11. HP: 51/51 MP: 10/30
   626 | D        | Killed a shining eye
   628 | D        | Found Fulejur's General Store.
   628 | D        | Found Raeh's Antique Armour Shoppe.
   628 | D        | Found Nuqa's Assorted Antiques.
   628 | D        | Found Cyiwnucw's Armour Emporium.
   645 | D        | Bought a brightly glowing robe for 91 gold pieces
   645 | D        | Identified the +2 robe "Esahick" {rF+++ Regen+ Dex-5} (You
                  | bought it in a shop in the Dungeon)
   996 | D        | Reached skill level 15 in Spellcasting
  1002 | D        | Gained mutation: You sometimes lose your temper in combat.
                  | [hidden defects]
  1002 | D        | Lost mutation: You have terrible hidden genetic defects.
                  | [hidden defects expressed]
  2098 | D        | Reached skill level 15 in Hexes
  3051 | D        | Noticed a lorocyproca
  3074 | D        | Killed a lorocyproca
  3085 | D        | Gained mutation: You are very clumsy. (Dex -4) [hidden
                  | defects]
  3446 | D        | Noticed a lindwurm
  3449 | D        | Killed a lindwurm
  3500 | D        | Lost mutation: You are robust. (+10% HP) [hidden defects]
  3500 | D        | Lost mutation: You have hidden genetic defects. [hidden
                  | defects expressed]
  3636 | D        | Noticed a 12-headed hydra
  3638 | D        | Killed a 12-headed hydra
  3802 | D        | Noticed a shadow dragon
  3802 | D        | Noticed a golden dragon
  3808 | D        | Killed from afar by a golden dragon

Illustrated notes

Levels and vault maps discovered:
D:        dungeon_sprint_1 [red_sonja_temple_1, red_sonja_temple_small_1]

Skill      XL: |  1  2  3  4  5  6  7  8  9 10 11 |
---------------+----------------------------------+-----
Stealth        | 7 11 14 15 | 15.0
Spellcasting   | 4 6 7 10 11 12 13 14 16 | 16.1
Hexes          | 5 6 8 10 11 13 14 16 | 16.0
Short Blades   | 2 4 6 8 10 12 | 12.3
Dodging        | 4 6 8 10 12 14 | 14.4
Conjurations   | 2 4 6 8 10 12 | 12.2

Action                     |  1- 3 |  4- 6 |  7- 9 | 10-12 || total
---------------------------+-------+-------+-------+-------++-------
  Melee: Dagger            |     3 |     4 |    67 |   144 ||   218
         Punch             |       |       |     3 |     3 ||     6
   Cast: Confusing Touch   |       |       |     7 |     3 ||    10
         Ensorcelled Hiber |       |       |     1 |    28 ||    29
         Dazzling Flash    |       |       |       |    21 ||    21
 Invoke: Shadow Step       |       |       |       |     1 ||     1
    Use: Potion            |     2 |       |     1 |       ||     3
         Scroll            |       |       |     1 |       ||     1
   Stab: Sleeping          |     2 |     4 |    17 |    29 ||    52
         Invisible         |     1 |       |       |    19 ||    20
         Confused          |       |       |     7 |     4 ||    11
 Armour: Robe              |       |       |       |     4 ||     4
  Dodge: Dodged            |       |       |    40 |   116 ||   156
